 Dungeon Crawl Stone Soup version 0.20.0-10-g0535bb4 (webtiles) character file.

6919 MDvedh the Severer (level 11, -2/75 HPs)
             Began as a Barachi Artificer on June 6, 2017.
             Was a High Priest of Okawaru.
             Slain by a two-headed ogre
             ... wielding a +0 giant club
              (15 damage)
             ... on level 8 of the Dungeon.
             The game lasted 00:17:35 (10520 turns).

MDvedh the Severer (Barachi Artificer)             Turns: 10520, Time: 00:17:37

Health: -2/75      AC: 21    Str: 20    XL:     11   Next: 7%
Magic:  13/13      EV:  9    Int:  9    God:    Okawaru [*****.]
Gold:   159        SH:  0    Dex: 13    Spells: 10/10 levels left

rFire    . . .     SeeInvis .   g - +7 war axe "Xuvawn" {protect, +Inv Str+3}
rCold    + . .     Gourm    .   (no shield)
rNeg     + . .     Faith    .   h - +1 chain mail {rPois}
rPois    +         Spirit   .   (helmet restricted)
rElec    .         Reflect  .   w - +0 cloak
rCorr    .         Harm     .   v - +1 pair of gloves
MR       .....     Rnd*Rage +   C - +0 pair of boots
Stlth    ..........             (no amulet)
Regen    0.3/turn               B - ring of protection from cold
MPRegen  0.2/turn               n - ring of positive energy

@: about to teleport, protection aura, berserk cooldown, slowed, very slow
A: +LOS, swims, antennae 2, berserk 1, dopey 1, screaming 1, slowness 1, strong
legs 1
a: Hop, Heroism, Finesse, Renounce Religion, Evoke Invisibility


You were on level 8 of the Dungeon.
You worshipped Okawaru.
Okawaru was extremely pleased with you.
You were not hungry.

You visited 2 branches of the dungeon, and saw 9 of its levels.

You collected 365 gold pieces.
You spent 206 gold pieces at shops.

Inventory:

Hand Weapons
 a - a +3 antimagic war axe
 g - the +7 war axe "Xuvawn" (weapon) {protect, +Inv Str+3}
   (You found it on level 5 of the Dungeon)

   It protects the one who uses it against injury (+AC on strike).
   It affects your strength (+3).
   It lets you turn invisible.
 l - a +2 short sword of holy wrath
Armour
 h - a +1 chain mail of poison resistance (worn)
 v - a +1 pair of gloves (worn)
 w - a +0 cloak (worn)
 x - a +0 helmet
 C - a +0 pair of boots (worn)
Jewellery
 n - a ring of positive energy (right hand)
 y - an uncursed ring of see invisible
 B - a ring of protection from cold (left hand)
Wands
 c - a wand of flame (20/48)
 d - a wand of enslavement (15/24)
 e - a wand of random effects (4/48)
 t - a wand of flame (30/48)
Scrolls
 k - 4 scrolls of remove curse
 p - 2 scrolls of amnesia
 r - a scroll of random uselessness
Potions
 f - 2 potions of agility
 m - 5 potions of lignification
 o - a potion of cancellation
 z - a potion of flight
 A - 3 potions of curing
Books
 q - a book of Changes

   Spells                             Type                      Level
   a - Beastly Appendage              Transmutation                1
   b - Sticks to Snakes               Transmutation                2
   c - Spider Form                    Transmutation/Poison         3
   d - Ice Form                       Ice/Transmutation            4
   e - Blade Hands                    Transmutation                5
Comestibles
 i - 6 meat rations
 j - 10 fruits
 u - 6 bread rations
 D - 4 mutagenic chunks of flesh


   Skills:
 - Level 3.6 Fighting
 - Level 1.4 Short Blades
 + Level 16.0(16.1) Axes
   Level 2.0(11.0) Maces & Flails
 - Level 2.5 Armour
 - Level 3.5 Dodging
 - Level 0.8 Stealth
 - Level 3.2 Evocations


You had 10 spell levels left.
You didn't know any spells.

Dungeon Overview and Level Annotations

Branches:
Dungeon (8/15)             Temple (1/1) D:4
   Lair: D:8-11

Altars:
Elyvilon
Hepliaklqana
Kikubaaqudgha
Makhleb
Okawaru
Uskayaw
Vehumet
The Shining One

Shops:
D:6 *   D:7 %::   D:8 [

Annotations:
D:5 miragecloak's ghost, novice OpTm
D:8 Gastronok


Innate Abilities, Weirdness & Mutations

Shadows flee at your approach. (+LOS)
You can swim through water.
You cover ground slowly.
You can hop short distances.
You have a pair of antennae on your head.
You tend to lose your temper in combat.
You are dopey. (Int -2)
You occasionally shout uncontrollably at your foes.


Message History

Gastronok the Ponderous comes into view.
Unknown command.
You are too injured to fight recklessly!
You are too injured to fight recklessly!
You are too injured to fight recklessly!
Gastronok gurgles horribly!
You slash the two-headed ogre!
The two-headed ogre is almost dead.
You hear a shout!
Unknown command.
You hit the two-headed ogre.
The two-headed ogre is almost dead.
The two-headed ogre hits you with a giant club!!
* * * LOW HITPOINT WARNING * * *
The two-headed ogre barely misses you.
Unknown command.
As you read the scroll of teleportation, it crumbles to dust.
You feel strangely unstable.
The two-headed ogre hits you with a giant club!
You die...

## .# #. . ##.#.##.# #.
#.......# ##'# #..#.##.#
##..)## #..#.##.# #
##...)@## #..#.##.# #
#.....O.## #..#..#.# #
#.........####.......###
.'.........'.............
##.........####.......###
##.......## ##.##.###
##.....## ####.# ##.w.##
#.# ##'# #.#


You could see Gastronok and a two-headed ogre.

Vanquished Creatures
  4 two-headed ogres
  A manticore (D:8)
  A troll (D:8)
  Prince Ribbit (D:7)
  A hippogriff (D:8)
  A yak (D:8)
  A hungry ghost (D:8)
  Menkaure (D:6)
  3 ice beasts
  2 orc warriors
  An ogre (D:8)
  2 sky beasts
  A phantom (D:6)
  3 centaurs
  A big kobold (D:8)
  5 bullfrogs
  A scorpion (D:4)
  3 jellies
  2 bullfrog zombies
  5 crimson imps
  8 orc priests
  2 hounds
  8 orc wizards
  A bullfrog skeleton (D:6)
  A centaur skeleton (D:5)
  Jessica (D:3)
  5 iguanas
  6 worker ants
  4 hound skeletons
  4 gnolls
  9 adders
  A howler monkey skeleton (D:7)
  2 shadow imps (D:6)
  2 oozes
  An adder zombie (D:8)
  An adder skeleton (D:6)
  3 dart slugs
  3 leopard geckos
  25 orcs
  6 giant cockroaches
  6 goblins
  14 hobgoblins
  3 jackals
  5 quokkas
  4 ball pythons
  A ball python skeleton (D:4)
  5 bats
  8 frilled lizards
  A jackal zombie (D:7)
  12 kobolds
  A quokka skeleton (D:4)
  8 rats
201 creatures vanquished.

Vanquished Creatures (others)
  A human (D:2)
1 creature vanquished.

Grand Total: 202 creatures vanquished

Notes
Turn   | Place    | Note
-------+----------+-------------------------------------------
     0 | D:1      | MDvedh the Barachi Artificer began the quest for the Orb.
     0 | D:1      | Reached XP level 1. HP: 15/15 MP: 3/3
   236 | D:1      | Reached XP level 2. HP: 13/21 MP: 4/4
   562 | D:1      | Reached skill level 1 in Armour
   825 | D:1      | Reached XP level 3. HP: 15/27 MP: 5/5
  2004 | D:2      | Found an ancient bone altar of Kikubaaqudgha.
  2004 | D:2      | Noticed a human
  2008 | D:2      | Killed a human
  2088 | D:2      | Reached XP level 4. HP: 27/34 MP: 6/6
  2916 | D:2      | Reached XP level 5. HP: 31/41 MP: 7/7
  3270 | D:3      | Reached skill level 1 in Maces & Flails
  3482 | D:2      | Reached skill level 1 in Axes
  3999 | D:3      | Reached skill level 2 in Axes
  4015 | D:3      | Found a glowing golden altar of the Shining One.
  4027 | D:3      | Noticed Jessica
  4028 | D:3      | Killed Jessica
  4028 | D:3      | Reached XP level 6. HP: 42/47 MP: 2/8
  4393 | D:4      | Reached skill level 3 in Axes
  4517 | D:4      | Reached skill level 4 in Axes
  4705 | D:4      | Reached skill level 5 in Axes
  4705 | D:4      | Reached XP level 7. HP: 25/52 MP: 3/9
  5121 | D:4      | Found a staircase to the Ecumenical Temple.
  5135 | Temple   | Entered the Ecumenical Temple
  5141 | Temple   | Became a worshipper of Warmaster Okawaru
  5593 | D:4      | Reached skill level 6 in Axes
  5662 | D:5      | Entered Level 5 of the Dungeon
  5794 | D:5      | Noticed miragecloak's ghost (novice OpTm)
  6244 | D:5      | HP: 2/52 [bullfrog zombie (2)]
  6245 | D:5      | Reached skill level 7 in Axes
  6436 | D:5      | Reached XP level 8. HP: 58/59 MP: 3/10
  7111 | D:5      | Reached skill level 8 in Axes
  7201 | D:5      | Got a twisted war axe
  7202 | D:5      | Identified the +7 war axe "Xuvawn" {protect, +Inv Str+3} (You found it on level 5 of the Dungeon)
  7213 | D:5      | Found a burning altar of Makhleb.
  7317 | D:6      | Reached * piety under Okawaru
  7339 | D:6      | Reached skill level 9 in Axes
  7491 | D:6      | Reached skill level 10 in Axes
  7521 | D:6      | Noticed a two-headed ogre
  7543 | D:6      | Killed a two-headed ogre
  7543 | D:6      | Reached ** piety under Okawaru
  7543 | D:6      | Reached skill level 11 in Axes
  7543 | D:6      | Reached XP level 9. HP: 11/64 MP: 8/11
  8126 | D:6      | Found Bumosar's Bounteous Boutique.
  8131 | D:6      | Bought a +0 pair of boots for 58 gold pieces
  8214 | D:6      | Reached *** piety under Okawaru
  8260 | D:6      | Reached skill level 12 in Axes
  8383 | D:6      | Noticed Menkaure
  8391 | D:6      | Killed Menkaure
  8646 | D:7      | Gained mutation: Scrolls take you a little longer to read. [potion of mutation]
  8646 | D:7      | Gained mutation: You have sharp fingernails. [potion of mutation]
  8647 | D:7      | Lost mutation: Scrolls take you a little longer to read. [potion of mutation]
  8647 | D:7      | Gained mutation: You have supernaturally acute eyesight. (SInv) [potion of mutation]
  8647 | D:7      | Gained mutation: Armour fits poorly on your strangely shaped body. [potion of mutation]
  8647 | D:7      | Gained mutation: Your muscles are strong. (Str +2) [potion of mutation]
  8655 | D:7      | Found Eczaoho Sida's Food Shop.
  8717 | D:7      | Found Qoihis's Book Emporium.
  9192 | D:7      | Reached skill level 13 in Axes
  9246 | D:7      | Found Fyfe Ucw's Book Shop.
  9267 | D:7      | Lost mutation: Armour fits poorly on your strangely shaped body. [potion of mutation]
  9267 | D:7      | Lost mutation: You have sharp fingernails. [potion of mutation]
  9267 | D:7      | Lost mutation: Your muscles are strong. (Str +2) [potion of mutation]
  9267 | D:7      | Lost mutation: You have supernaturally acute eyesight. (SInv) [potion of mutation]
  9267 | D:7      | Gained mutation: You tend to lose your temper in combat. [potion of mutation]
  9267 | D:7      | Gained mutation: You have a pair of small antennae on your head. [potion of mutation]
  9267 | D:7      | Gained mutation: You are dopey. (Int -2) [potion of mutation]
  9267 | D:7      | Gained mutation: You have a pair of antennae on your head. [potion of mutation]
  9370 | D:7      | Noticed Prince Ribbit
  9383 | D:7      | Killed Prince Ribbit
  9383 | D:7      | Reached XP level 10. HP: 66/70 MP: 12/12
  9711 | D:8      | Noticed a two-headed ogre
  9721 | D:8      | Killed a two-headed ogre
  9721 | D:8      | Reached skill level 14 in Axes
  9816 | D:8      | Noticed a two-headed ogre
  9825 | D:8      | Killed a two-headed ogre
  9825 | D:8      | Reached **** piety under Okawaru
  9937 | D:8      | Received a gift from Okawaru
  9943 | D:8      | Noticed a manticore
  9949 | D:8      | Reached skill level 15 in Axes
  9956 | D:8      | Killed a manticore
  9956 | D:8      | Reached ***** piety under Okawaru
 10155 | D:8      | Found Sarisoid's Armour Shop.
 10157 | D:8      | Noticed a two-headed ogre
 10168 | D:8      | Killed a two-headed ogre
 10170 | D:8      | Bought a +1 chain mail of poison resistance for 148 gold pieces
 10315 | D:8      | Reached XP level 11. HP: 46/75 MP: 13/13
 10498 | D:8      | Gained mutation: You occasionally shout uncontrollably at your foes. [mutagenic meat]
 10501 | D:8      | Reached skill level 16 in Axes
 10504 | D:8      | Noticed a two-headed ogre
 10518 | D:8      | Noticed Gastronok
 10520 | D:8      | Slain by a two-headed ogre

Skill      XL: |  1  2  3  4  5  6  7  8  9 10 11 |
---------------+----------------------------------+-----
Fighting       | 2 3 |  3.6
Armour         | 1 2 |  2.5
Dodging        | 3 |  3.5
Maces & Flails | 2 |  2.0
Axes           | 2 5 7 11 13 15 16 | 16.0
Short Blades   | |  1.4
Stealth        | |  0.8
Evocations     | |  3.2

Action                   |  1- 3 |  4- 6 |  7- 9 | 10-12 || total
-------------------------+-------+-------+-------+-------++-------
Melee: Short sword       |   137 |   108 |       |       ||   245
       War axe           |       |    86 |   334 |    95 ||   515
       Punch             |       |       |       |     1 ||     1
Invok: Heroism           |       |       |     1 |     4 ||     5
 Abil: Hop               |     1 |     2 |     5 |       ||     8
Evoke: Wand              |    10 |     5 |    16 |       ||    31
  Use: Scroll            |       |    10 |     4 |     5 ||    19
       Potion            |       |     1 |     7 |       ||     8
 Stab: Sleeping          |     1 |       |       |       ||     1
       Paralysed         |       |     4 |       |       ||     4
  Eat: Chunk             |     4 |     3 |     8 |     2 ||    17
       Bread ration      |       |     1 |       |       ||     1
       Meat ration       |       |     1 |     1 |     1 ||     3
Armor: Leather armour    |    39 |    18 |       |       ||    57
       Ring mail         |       |    44 |     2 |       ||    46
       Chain mail        |       |       |   166 |    41 ||   207
       Skin              |       |       |     2 |       ||     2
Dodge: Dodged            |   103 |   138 |   117 |    48 ||   406
